 Dungeon Crawl Stone Soup version 0.30-a0-4-ga7cffc901d (webtiles) character file.

Game seed: 8312728546064807481

137 drpainis the Magician (level 5, -7/24 HPs)
             Began as a Spriggan Summoner on Aug 20, 2022.
             Killed from afar by Ijyb (18 damage)
             ... with a bolt of dispelling energy
             ... on level 3 of the Dungeon.
             The game lasted 00:05:53 (6382 turns).

drpainis the Magician (Spriggan Summoner)           Turns: 6382, Time: 00:05:53

Health: -7/24      AC:  2    Str:  4    XL:     5   Next: 0%
Magic:  8/13       EV: 17    Int: 18    God:
Gold:   71         SH:  0    Dex: 16    Spells: 4/13 levels left

rFire   . . .      SeeInvis +    o - +3 short sword
rCold   . . .      Faith    .    (no shield)
rNeg    . . .      Spirit   .    a - +0 robe
rPois   .          Reflect  .    (helmet restricted)
rElec   .          Harm     .    (no cloak)
rCorr   .          Rampage  .    (gloves unavailable)
Will    .....                    (boots unavailable)
Stlth   +++.......               (no amulet)
HPRegen 0.08/turn                (no ring)
MPRegen 0.13/turn                (no ring)

@: very quick
A: very small, no large weapons, unfitting armour, see invisible, speed 3
a: no special abilities


You were on level 3 of the Dungeon.
You visited 1 branch of the dungeon, and saw 3 of its levels.

You collected 71 gold pieces.

Inventory:

Hand Weapons
 o - a +3 short sword (weapon)
Armour
 a - a +0 robe (worn)
Magical Staves
 d - a staff of death
Scrolls
 c - a scroll of summoning {unknown}
 e - a scroll of identify {unknown}
 k - a scroll of immolation {unknown}
 l - a scroll of teleportation {unknown}
 m - a scroll of magic mapping {unknown}
 n - a scroll of blinking {unknown}
 p - a scroll of torment {unknown}
 r - 2 scrolls of poison {unknown}
Potions
 b - a potion of magic
 f - 3 potions of curing
 g - a potion of berserk rage {unknown}
 h - a potion of flight {unknown}
 i - a potion of invisibility {unknown}
 j - a potion of attraction {unknown}
 q - a potion of might {unknown}
 s - a potion of heal wounds {unknown}


   Skills:
 + Level 0.1 Fighting
 + Level 2.9 Dodging
 + Level 3.8 Stealth
 + Level 4.7 Spellcasting
 + Level 4.1 Summonings


You had 4 spell levels left.
You knew the following spells:

 Your Spells              Type           Power      Damage    Failure   Level
a - Summon Small Mammal   Summ           76%        N/A       2%          1
b - Call Imp              Summ           19%        N/A       3%          2
c - Call Canine Familiar  Summ           19%        N/A       8%          3
d - Summon Guardian Gole  Hex/Summ       11%        N/A       17%         3

Your spell library contained the following spells:

 Spells                   Type           Power      Damage    Failure   Level
 Scorch                   Fire           8%         2d5       21%         2
 Summon Lightning Spire   Summ/Air       11%        N/A       50%         4
 Flame Wave               Conj/Fire      4%         2d5       80%         4
 Summon Cactus Giant      Summ           9%         N/A       98%         6


Dungeon Overview and Level Annotations

Branches:
Dungeon (3/15)

Altars:

Annotations:
D:3 Ijyb


Innate Abilities, Weirdness & Mutations

You are very small and have problems with some larger weapons.
You are too small for most types of armour.
You have supernaturally acute eyesight. (SInv)
You cover ground extremely quickly. (Speed+++)


Message History

You now have 71 gold pieces (gained 17).
Found a mace.
s - a glowing puce potion You enter the shallow water.
Moving in this stuff is going to be slow.
j - 2 coppery potions (gained 1) Ijyb the Twisted Goblin comes into view.
She is wielding a +0 dagger and carrying a wand of quicksilver (8).
Ijyb is nearby!
Ijyb is nearby!
Casting: Call Canine Familiar (quite dangerous; 8% risk of failure)
Confirm with . or Enter, or press ? or * to list all spells.
The spell is quite dangerous to miscast (8% risk of failure)!
Continue anyway?
You drop a coppery potion.
Ijyb is nearby!
Unknown command.
Ijyb hits your hound with a +0 dagger.
Your hound closely misses Ijyb.
Casting: Call Canine Familiar (quite dangerous; 8% risk of failure)
Confirm with . or Enter, or press ? or * to list all spells.
The spell is extremely dangerous to miscast (17% risk of failure)!
Continue anyway?
A guardian golem appears, shielding your allies.
Ijyb hits your hound with a +0 dagger.
Your hound bites Ijyb.
Unknown command.
Your hound bites Ijyb.
Ijyb barely misses your hound.
Your hound bites Ijyb but does no damage.
Ijyb closely misses your hound.
Your hound misses Ijyb.
Your hound bites Ijyb but does no damage.
You hit Ijyb but do no damage.
Ijyb is moderately wounded.
Your hound closely misses Ijyb.
Ijyb hits you with a +0 dagger.
Your hound bites Ijyb but does no damage.
Ijyb zaps a wand.
The bolt of dispelling energy hits you!!
Ouch! That really hurt!
* * * LOW HITPOINT WARNING * * *
You feel better.
Your hound bites Ijyb.
Your hound closely misses Ijyb.
Ijyb zaps a wand.
The bolt of dispelling energy hits you!!
Ouch! That really hurt!
You die...

... ......#.## '#
#)####.#.#...... ..
###............... ..
#......#.#.###..## #.
#...~~.#.#.# #..# #.
#..~~....#.# #..#
#.##.~~...#.#.# #..##
#.#9..~~....#.###..#.
#.hg@~~..............
####..............##.
##....###########.
....#.## #. ###.#.#
#. ♣~♣~~ #. ♣♣~♣♣♣ #.
P #. ~~P~P♣ ♣.


You could see Ijyb (ally target), a friendly guardian golem (summoned) and a
friendly hound (summoned, sheltered).

Vanquished Creatures
  A dart slug (D:1)
  A ball python (D:1)
  A hobgoblin (D:2)
  A jackal (D:1)
  A rat (D:2)
5 creatures vanquished.

Vanquished Creatures (collateral kills)
  A scorpion (D:3)
  2 adders
  A worm (D:2)
  A dart slug (D:2)
  2 orcs (D:3)
  5 endoplasms
  4 giant cockroaches
  2 goblins (D:3)
  2 hobgoblins
  3 jackals (D:1)
  2 kobolds
  4 quokkas
  2 ball pythons (D:2)
  7 bats
  2 frilled lizards (D:1)
  3 rats
43 creatures vanquished.

Vanquished Creatures (others)
  11 plants (D:3)
11 creatures vanquished.

Grand Total: 59 creatures vanquished

Notes
Turn   | Place    | Note
-------+----------+-------------------------------------------
     0 | D:1      | drpainis the Spriggan Summoner began the quest for the Orb.
     0 | D:1      | Reached XP level 1. HP: 9/9 MP: 5/5
   110 | D:1      | Found a faded altar of an unknown god.
   537 | D:1      | Reached XP level 2. HP: 13/13 MP: 3/6
  1180 | D:1      | Learned a level 2 spell: Call Imp
  2359 | D:1      | Reached XP level 3. HP: 9/16 MP: 5/8
  2363 | D:1      | Learned a level 3 spell: Call Canine Familiar
  5266 | D:3      | Reached XP level 4. HP: 21/21 MP: 8/11
  5391 | D:3      | Learned a level 3 spell: Summon Guardian Golem
  5982 | D:3      | Noticed a scorpion
  6022 | D:3      | Killed a scorpion
  6042 | D:3      | Reached XP level 5. HP: 24/24 MP: 3/13
  6371 | D:3      | Noticed Ijyb
  6382 | D:3      | Killed from afar by Ijyb

Illustrated notes

Levels and vault maps discovered:
D:1:      minmay_arrival_solitary_statue, layout_rooms,
          chequers_ecumenical_altar_twisty
D:2:      layout_basic, grunt_ministairs_5
D:3:      layout_loops_ring, kennysheep_nondescript, dk_vineyard_3,
          chequers_serial_rivers_marsh, serial_bayou_lake_a, uniq_ijyb

Skill      XL: |  1  2  3  4 |
---------------+-------------+-----
Spellcasting   | 3 4 |  4.7
Summonings     | 4 |  4.1
Fighting       | |  0.1
Dodging        | |  2.9
Stealth        | |  3.8

Action                   |  1- 3 |  4- 6 || total
-------------------------+-------+-------++-------
Melee: Unarmed           |    25 |       ||    25
       Staff             |    23 |       ||    23
       Short sword       |     2 |     1 ||     3
 Cast: Summon Small Mamm |    49 |     2 ||    51
       Call Imp          |     9 |       ||     9
       Call Canine Famil |     7 |    10 ||    17
       Summon Guardian G |       |     1 ||     1
  Use: Potion            |       |     1 ||     1
 Stab: Sleeping          |     2 |       ||     2
Armor: Robe              |     5 |       ||     5
Dodge: Dodged            |    94 |     5 ||    99

Table legend: (Time is in decaauts)
 A = Elapsed time spent in this place.
 B = Non-inter-level travel time spent in this place.
 C = Inter-level travel time spent in this place.
 D = Time resting spent in this place.
 E = Time spent auto-exploring this place.
 F = Levels seen in this place.
 G = Mean time per level.
                   A        B        C        D        E       F      G
               +--------+--------+--------+--------+--------+-----+--------+
         Total |   5855 |   5833 |     22 |   4402 |    790 |   3 | 1951.7 |
       Dungeon |   5855 |   5833 |     22 |   4402 |    790 |   3 | 1951.7 |
               +--------+--------+--------+--------+--------+-----+--------+

Top non-repeatable levels by time:
     D:1: 2566 daAuts
     D:2: 2224 daAuts
     D:3: 1064 daAuts
